 Dungeon Crawl Stone Soup version 0.29.1-15-g9cfb28693d (webtiles) character file.

Game seed: 7236557506181850109

12 redmage the Digger (level 2, -1/20 HPs)
             Began as a Meteoran Earth Elementalist on Sept 7, 2023.
             Slain by a jackal (3 damage)
             ... on level 4 of the Dungeon.
             The game lasted 00:01:50 (203 turns).

redmage the Digger (Meteoran Earth Elementalist)     Turns: 203, Time: 00:01:51

Health: -1/20      AC:  2    Str:  9    XL:     2   Next: 64%
Magic:  3/7        EV: 12    Int: 16    God:
Gold:   55         SH:  0    Dex: 14    Spells: 4/7 levels left

rFire   . . .      SeeInvis .   (no weapon)
rCold   . . .      Faith    .   (no shield)
rNeg    . . .      Spirit   .   a - +0 robe
rPois   .          Reflect  .   (no helmet)
rElec   .          Harm     .   (no cloak)
rCorr   .          Rampage  .   (no gloves)
Will    .....                   (no boots)
Stlth   +.........              (no amulet)
HPRegen 0.06/turn               (no ring)
MPRegen 0.10/turn               (no ring)

@: glowing
A: sense surroundings 1, otherworldly, glowing, explore regen
a: no special abilities


You were on level 4 of the Dungeon.
You visited 1 branch of the dungeon, and saw 4 of its levels.

You collected 55 gold pieces.

Inventory:

Missiles
 e - 6 javelins
Armour
 a - a +0 robe (worn)
Potions
 b - a potion of magic
 c - a potion of ambrosia {unknown}
 d - a potion of resistance {unknown}


   Skills:
 - Level 2.4 Dodging
 - Level 1.4 Stealth
 + Level 3.2 Spellcasting
 - Level 1.2 Transmutations
 + Level 4.1 Earth Magic


You had 4 spell levels left.
You knew the following spells:

 Your Spells              Type           Power      Damage    Failure   Level
a - Sandblast             Erth           30%        2d9       3%          1
b - Passwall              Tmut/Erth      9%         N/A       10%         2

Your spell library contained the following spells:

 Spells                   Type           Power      Damage    Failure   Level
 Stone Arrow              Conj/Erth      18%        3d8       24%         3
 Petrify                  Tmut/Erth      11%        N/A       52%         4


Dungeon Overview and Level Annotations

Branches:
Dungeon (4/15) Zot: 2188
 Temple: D:4-7

Altars:


Innate Abilities, Weirdness & Mutations

You passively map a small area around you.
You are easily found by Zot.
You glow in the dark.
You regain HP and MP as you explore.


Message History

Confirm with . or Enter, or press ? or * to list all spells.
Aiming: Sandblast (safe; 3% risk of failure)
Press: ? - help, Shift-Dir - straight line, f - jackal
Aim: a jackal (77% to hit)
The blast of sand hits the jackal!
You kill the jackal!
A jackal comes into view.
Unknown command.
Casting: Sandblast (safe; 3% risk of failure)
Confirm with . or Enter, or press ? or * to list all spells.
Aiming: Sandblast (safe; 3% risk of failure)
Press: ? - help, Shift-Dir - straight line, f - adder
Aim: an adder (70% to hit)
The blast of sand hits the adder!
The adder is heavily wounded.
The adder barely misses you. The adder bites you. The jackal barely misses you.
Unknown command.
Casting: Sandblast (safe; 3% risk of failure)
Confirm with . or Enter, or press ? or * to list all spells.
Aiming: Sandblast (safe; 3% risk of failure)
Press: ? - help, Shift-Dir - straight line, f/p - adder
Aim: an adder (heavily wounded, 70% to hit)
The blast of sand misses the adder.
The adder barely misses you. The jackal bites you. The adder bites you.
The goblin hits you with a +0 dagger.
The jackal bites you but does no damage.
Casting: Sandblast (safe; 3% risk of failure)
Confirm with . or Enter, or press ? or * to list all spells.
Aiming: Sandblast (safe; 3% risk of failure)
Press: ? - help, Shift-Dir - straight line, f/p - adder
Aim: an adder (heavily wounded, 70% to hit)
The blast of sand hits the adder!
You kill the adder!
The jackal bites you.
* * * LOW HITPOINT WARNING * * *
A jackal comes into view.
The goblin hits you with a +0 dagger.
* * * LOW HITPOINT WARNING * * *
The jackal bites you.
You die...

, , , , , * * *
* ,##.##### *
#....h.########
* , *
#@<....... , ,
, *#g........
** *
*#......... ,,*
#......... *
#......... *
#......... ** *
#......... *
#......... * *
,


You could see a jackal and a goblin.

Vanquished Creatures
  An adder (D:4)
  A dart slug (D:1)
  An endoplasm (D:1)
  3 hobgoblins
  A jackal (D:4)
  A ball python (D:2)
  2 goblins
10 creatures vanquished.

Notes
Turn   | Place    | Note
-------+----------+-------------------------------------------
     0 | D:1      | redmage the Meteoran Earth Elementalist began the quest for
                  | the Orb.
     0 | D:1      | Reached XP level 1. HP: 14/14 MP: 5/5
    30 | D:1      | Reached XP level 2. HP: 14/20 MP: 0/7
    38 | D:1      | Reached skill level 4 in Earth Magic
   171 | D:3      | Learned a level 2 spell: Passwall
   203 | D:4      | Slain by a jackal

Illustrated notes

Levels and vault maps discovered:
D:1:      ncdulo_smallfort, layout_basic
D:2:      layout_basic
D:3:      layout_basic, nicolae_overflow_two_pavilions, serial_shops,
          nicolae_shop_statue_plus, shapermc_ecumenical_altar_starsandcircs
D:4:      layout_loops_ring, temple_green, serial_shops, nicolae_square_shop,
          kennysheep_donut, st_stairs_8

Skill      XL: |  1  2 |
---------------+-------+-----
Spellcasting   | 3 |  3.2
Earth Magic    | 4 |  4.1
Dodging        | |  2.4
Stealth        | |  1.4
Transmutations | |  1.2

Action                   || total
-------------------------++-------
Melee: Unarmed           ||     1
 Cast: Sandblast         ||    15
       Passwall          ||     1
Armor: Robe              ||     1
Dodge: Dodged            ||     3
